 Dungeon Crawl Stone Soup version 0.30-a0-782-ge64f9170bb (webtiles) character file.

Game seed: 8850172783530058747

148 vineage the Trooper (level 5, 0/37 HPs)
             Began as a Gargoyle Fighter on Feb 24, 2023.
             Slain by an orc
             ... wielding a +0 short sword
              (1 damage)
             ... on level 3 of the Dungeon.
             The game lasted 00:02:37 (2638 turns).

vineage the Trooper (Gargoyle Fighter)              Turns: 2638, Time: 00:02:37

Health: 0/37       AC: 12    Str: 22    XL:     5   Next: 30%
Magic:  5/5        EV:  9    Int:  8    God:
Gold:   993        SH:  4    Dex:  9    Spells: 4/4 levels left

rFire   . . .      SeeInvis .    p - +0 morningstar
rCold   . . .      Faith    .    c - +0 buckler
rNeg    + . .      Spirit   .    b - +0 scale mail
rPois   ∞          Reflect  .    (no helmet)
rElec   +          Harm     .    (no cloak)
rCorr   .          Rampage  .    (no gloves)
Will    .....                    l - +0 pair of boots Stlth
                                 (no amulet)
HPRegen 0.26/turn                (no ring)
MPRegen 0.09/turn                (no ring)

@: no status effects
A: sickness immunity, AC +4, negative energy resistance 1, electricity
resistance, torment resistance 1, petrification resistance
a: no special abilities


You were on level 3 of the Dungeon.
You visited 1 branch of the dungeon, and saw 4 of its levels.

You collected 993 gold pieces.

Inventory:

Hand Weapons
 a - a +0 flail
 p - a +0 morningstar (weapon)
Armour
 b - a +0 scale mail (worn)
 c - a +0 buckler (worn)
 l - a +0 pair of boots (worn)
 m - a scarf of harm
Jewellery
 o - an amulet of magic regeneration
Wands
 n - a wand of charming (16)
Scrolls
 g - 2 scrolls of fog
 q - a scroll of silence {unknown}
Potions
 d - a potion of might
 e - a potion of curing {unknown}
 f - 2 potions of attraction {unknown}
 h - a potion of haste
 i - a potion of flight {unknown}
 j - 2 potions of heal wounds {unknown}
 k - a potion of resistance {unknown}


   Skills:
 + Level 6.4 Fighting
 - Level 2.0 Maces & Flails
 - Level 3.2 Armour
 - Level 3.2 Shields


You had 4 spell levels left.
You didn't know any spells.
Your spell library was empty.

Dungeon Overview and Level Annotations

Branches:
Dungeon (4/15)
 Temple: D:4-7

Altars:
Sif Muna


Innate Abilities, Weirdness & Mutations

You are immune to sickness and miasma.
Your stone body is resilient. (AC +4)
You are immune to poison.
You resist negative energy. (rN+)
You are resistant to electric shocks. (rElec)
You are resistant to unholy torment.
You are immune to petrification.


Message History

You completely miss the orc priest.
The orc priest is moderately wounded.
The orc misses you.
The orc priest calls down the wrath of Beogh upon you.
Pain shoots through your body! The orc completely misses you.
You are too injured to fight recklessly!
You are too injured to fight recklessly!
You are too injured to fight recklessly!
You are too injured to fight recklessly!
You are too injured to fight recklessly!
You are too injured to fight recklessly!
You are too injured to fight recklessly!
You are too injured to fight recklessly!
You are too injured to fight recklessly!
You are too injured to fight recklessly!
You are too injured to fight recklessly!
You are too injured to fight recklessly!
The orc priest hits you with a +0 short sword.
The orc closely misses you. The orc hits you but does no damage.
You climb upwards.
There is a stone staircase leading down here.
You sock the orc priest!
The orc priest is almost dead.
The orc priest barely misses you. The orc closely misses you.
The orc hits you but does no damage. You block the orc priest's attack.
The orc barely misses you. x2
You barely miss the orc priest.
The orc priest is almost dead.
The orc priest closely misses you. You block the orc's attack.
The orc barely misses you.
You closely miss the orc priest.
The orc priest is almost dead.
The orc priest calls down the wrath of Beogh upon you.
Beogh smites you!
* * * LOW HITPOINT WARNING * * *
The orc hits you but does no damage. x2
You hit the orc priest.
You kill the orc priest!
The orc hits you with a +0 short sword.
You die...

#~~≈≈≈~~#~~~#.#######.#
~~≈≈≈≈~~#~~~#.# #.#
≈≈≈≈~≈≈)~~~≈#.# #.#
≈≈≈~~≈≈≈~~~≈#.## #.#
~~~~.#~≈≈≈~~#..# #.#
~~~..#~≈≈≈≈~#..# #.#
~~...#~~~~~~#..## #.#
####.#~~#~~~#..o## #.#
...#.#~~#~~~###o@# #.#
...'.#~~##~## ##)# #.#
############ #.# #.#
#.# #.# #.# #.# #.# #.#
#.# #.# #.# #.# #.# #.#


You could see 2 orcs.

Vanquished Creatures
  An orc priest (D:3)
  Jessica (D:3)
  2 orc wizards (D:3)
  2 adders (D:3)
  2 worms
  A dart slug (D:3)
  2 orcs (D:3)
  3 ball pythons
  2 bats
  5 endoplasms
  2 giant cockroaches
  3 goblins
  2 hobgoblins
  5 jackals
  2 quokkas
  2 frilled lizards
  2 kobolds
  7 rats
46 creatures vanquished.

Vanquished Creatures (others)
  A kobold (D:2)
  5 plants (D:3)
6 creatures vanquished.

Grand Total: 52 creatures vanquished

Notes
Turn   | Place    | Note
-------+----------+-------------------------------------------
     0 | D:1      | vineage the Gargoyle Fighter began the quest for the Orb.
     0 | D:1      | Reached XP level 1. HP: 14/14 MP: 1/1
    71 | D:1      | Found a faded altar of an unknown god.
    76 | D:1      | Reached XP level 2. HP: 15/20 MP: 2/2
   100 | D:1      | Reached skill level 4 in Fighting
   534 | D:1      | Identified a scroll of acquirement
   534 | D:1      | Acquired 900 gold pieces
   706 | D:2      | Reached XP level 3. HP: 24/24 MP: 3/3
  1623 | D:3      | Reached skill level 5 in Fighting
  1639 | D:3      | Reached XP level 4. HP: 30/31 MP: 4/4
  2035 | D:3      | Reached skill level 6 in Fighting
  2177 | D:3      | Reached XP level 5. HP: 36/36 MP: 5/5
  2275 | D:3      | Noticed Jessica
  2280 | D:3      | Killed Jessica
  2578 | D:3      | Found a shimmering blue altar of Sif Muna.
  2637 | D:3      | HP: 1/37 [orc priest/divine providence (14)]
  2638 | D:3      | Slain by an orc

Illustrated notes

Levels and vault maps discovered:
D:1:      dpeg_arrival_fog, layout_basic, ebering_ecumenical_altar_petrified
D:2:      layout_loops_ring, lemuel_flame_loot_1
D:3:      wad_lake_hut, layout_basic, led_sif_pool, minmay_misc_feat_five,
          hangedman_abyss_or_decor_lesser_grid, uniq_jessica
D:4:      layout_cave_pools, nicolae_nh_ransacked_shop, uniq_robin

Skill      XL: |  1  2  3  4 |
---------------+-------------+-----
Fighting       | 4 5 6 |  6.4
Maces & Flails | |  2.0
Armour         | |  3.2
Shields        | |  3.2

Action                     |  1- 3 |  4- 6 || total
---------------------------+-------+-------++-------
  Melee: Flail             |   118 |    47 ||   165
         Morningstar       |       |    27 ||    27
    Use: Scroll            |     3 |       ||     3
 Armour: Scale mail        |    55 |    62 ||   117
  Dodge: Dodged            |    72 |    31 ||   103
  Block: Buckler           |    28 |    10 ||    38

Table legend: (Time is in decaauts)
 A = Elapsed time spent in this place.
 B = Non-inter-level travel time spent in this place.
 C = Inter-level travel time spent in this place.
 D = Time resting spent in this place.
 E = Time spent auto-exploring this place.
 F = Levels seen in this place.
 G = Mean time per level.
                   A        B        C        D        E       F      G
               +--------+--------+--------+--------+--------+-----+--------+
         Total |   2745 |   2512 |    233 |    283 |   1752 |   4 |  686.2 |
       Dungeon |   2745 |   2512 |    233 |    283 |   1752 |   4 |  686.2 |
               +--------+--------+--------+--------+--------+-----+--------+

Top non-repeatable levels by time:
     D:2: 1067 daAuts
     D:3: 1059 daAuts
     D:1: 586 daAuts
     D:4: 32 daAuts
